 Dungeon Crawl Stone Soup version 0.28-a0-479-g5baa6b73be (webtiles) character file.

Game seed: 2009767429057894905

50 Gargoyl the Skirmisher (level 3, 0/35 HPs)
             Began as a Gnoll Abyssal Knight on Sept 19, 2021.
             Was a Follower of Lugonu.
             Slain by an iguana (8 damage)
             ... on level 3 of the Dungeon.
             The game lasted 00:02:23 (2288 turns).

Gargoyl the Skirmisher (Gnoll Abyssal Knight)       Turns: 2288, Time: 00:02:24

Health: 0/35       AC:  4    Str: 12    XL:     3   Next: 79%
Magic:  6/6        EV: 11    Int: 11    God:    Lugonu [*.....]
Gold:   101        SH:  3    Dex: 11    Spells: 4/4 levels left

rFire   + . .      SeeInvis .   h - +3 short sword
rCold   + . .      Faith    .   f - +0 buckler
rNeg    . . .      Spirit   .   b - +0 leather armour
rPois   +          Reflect  .   (no helmet)
rElec   +          Harm     .   (no cloak)
rCorr   +          Rampage  .   d - +0 pair of gloves
Will    .....                   (no boots)
Stlth   +.........              (no amulet)
HPRegen 0.11/turn               (no ring)
MPRegen 0.10/turn               (no ring)

@: resistant
A: fangs 1, strong nose, distributed training
a: Renounce Religion, Depart the Abyss


You were on level 3 of the Dungeon.
You worshipped Lugonu.
Lugonu was aware of your devotion.
You visited 1 branch of the dungeon, and saw 3 of its levels.
You visited the Abyss 1 time.

You collected 101 gold pieces.

Inventory:

Hand Weapons
 a - a +1 hand axe
 g - a +0 war axe
 h - a +3 short sword (weapon)
Armour
 b - a +0 leather armour (worn)
 d - a +0 pair of gloves (worn)
 f - a +0 buckler (worn)
Scrolls
 c - a scroll of teleportation {unknown}
 e - 2 scrolls of identify


   Skills:
 + Level 6.5 Fighting
 + Level 1.0 Short Blades
 + Level 1.0 Long Blades
 + Level 4.6 Axes
 + Level 1.0 Maces & Flails
 + Level 1.0 Polearms
 + Level 1.0 Staves
 + Level 1.0 Slings
 + Level 1.0 Bows
 + Level 1.0 Crossbows
 + Level 1.0 Throwing
 + Level 4.6 Armour
 + Level 2.6 Dodging
 + Level 1.0 Stealth
 + Level 1.0 Shields
 + Level 1.0 Unarmed Combat
 + Level 1.0 Spellcasting
 + Level 0.7 Conjurations
 + Level 0.7 Hexes
 + Level 0.7 Summonings
 + Level 0.7 Necromancy
 + Level 0.7 Translocations
 + Level 0.7 Transmutations
 + Level 0.7 Fire Magic
 + Level 0.7 Ice Magic
 + Level 0.7 Air Magic
 + Level 0.7 Earth Magic
 + Level 0.7 Poison Magic
 + Level 4.6 Invocations
 + Level 1.0 Evocations


You had 4 spell levels left.
You didn't know any spells.
Your spell library contained the following spells:

 Spells                   Type           Power      Damage    Failure   Level
 Summon Small Mammal      Summ           8%         N/A       41%         1
 Call Canine Familiar     Summ           2%         N/A       80%         3
 Summon Guardian Golem    Hex/Summ       2%         N/A       80%         3
 Borgnjor's Revivificati  Necr           1%         N/A       100%        8
 Necromutation            Tmut/Necr      1%         N/A       100%        8
 Death's Door             Necr           1%         N/A       100%        9


Dungeon Overview and Level Annotations

Branches:
Dungeon (3/15)

Altars:

Shops:
D:1 [::*?   D:2 !


Innate Abilities, Weirdness & Mutations

You have very sharp teeth.
Your uncanny sense of smell can sniff out nearby items.
Your experience applies equally to all skills.


Message History

Your Short Blades skill increases to level 1!
Your Long Blades skill increases to level 1!
Your Maces & Flails skill increases to level 1!
Your Polearms skill increases to level 1!
Your Staves skill increases to level 1!
Your Slings skill increases to level 1!
Your Bows skill increases to level 1!
Your Crossbows skill increases to level 1!
Your Throwing skill increases to level 1!
Your Stealth skill increases to level 1!
Your Shields skill increases to level 1!
Your Unarmed Combat skill increases to level 1!
Your Spellcasting skill increases to level 1!
Your Evocations skill increases to level 1!
The iguana hisses angrily.
There is a stone staircase leading up here.
You climb upwards.
There is a stone staircase leading down here.
You start resting.
HP restored.
Okay, then.
You climb downwards.
You block the iguana's attack. The iguana bites you.
There is a stone staircase leading up here.
You hit the iguana.
The iguana is lightly wounded.
The iguana barely misses you.
You hit the iguana but do no damage.
The iguana is lightly wounded.
The iguana barely misses you.
You barely miss the iguana.
The iguana is lightly wounded.
You block the iguana's attack.
You barely miss the iguana. The iguana bites you!
You hit the iguana.
The iguana is lightly wounded.
The iguana bites you!
* * * LOW HITPOINT WARNING * * *
It was a potion of resistance.
You feel protected. The iguana bites you!
You die...

# ># ###.###
#########.....
..#......#.#####
#.....l........
#......@.#
#........#
#>.?.....#
#........#
#...........#
#.............
∆#.............
##.......###..
####...## +.


You could see an iguana.

Vanquished Creatures
  2 adders
  An adder skeleton (D:2)
  A dart slug (D:2)
  5 ball pythons
  4 bats
  A giant cockroach (D:1)
  A goblin (D:1)
  A hobgoblin (D:1)
  4 jackals (D:2)
  A hobgoblin zombie (D:3)
  4 kobolds
  A kobold zombie (D:3)
  2 rats
28 creatures vanquished.

Notes
Turn   | Place    | Note
-------+----------+-------------------------------------------
     0 | Abyss:1  | Gargoyl the Gnoll Abyssal Knight began the quest for the
                  | Orb.
     0 | Abyss:1  | Reached XP level 1. HP: 23/23 MP: 3/3
    84 | Abyss:2  | Noticed a small abomination
   100 | D:1      | Escaped the Abyss
   374 | D:1      | Found Lupheg Neic's Magic Scroll Boutique.
   462 | D:1      | Reached * piety under Lugonu
   463 | D:1      | Reached XP level 2. HP: 22/29 MP: 5/5
   586 | D:1      | Found Icoxuihi's Book Emporium.
   615 | D:1      | Found Veimpysi's General Store.
   625 | D:1      | Found Jinkuass's Antique Armour Boutique.
   662 | D:1      | Found Kourgh's Book Shop.
  1275 | D:2      | Reached XP level 3. HP: 29/35 MP: 6/6
  1682 | D:2      | Found Zuemed's Distillery.
  2127 | D:3      | Reached skill level 1 in Short Blades
  2127 | D:3      | Reached skill level 1 in Long Blades
  2127 | D:3      | Reached skill level 1 in Maces & Flails
  2127 | D:3      | Reached skill level 1 in Polearms
  2127 | D:3      | Reached skill level 1 in Staves
  2127 | D:3      | Reached skill level 1 in Slings
  2127 | D:3      | Reached skill level 1 in Bows
  2127 | D:3      | Reached skill level 1 in Crossbows
  2127 | D:3      | Reached skill level 1 in Throwing
  2127 | D:3      | Reached skill level 1 in Stealth
  2127 | D:3      | Reached skill level 1 in Shields
  2127 | D:3      | Reached skill level 1 in Unarmed Combat
  2127 | D:3      | Reached skill level 1 in Spellcasting
  2127 | D:3      | Reached skill level 1 in Evocations
  2288 | D:3      | Slain by an iguana

Illustrated notes

Levels and vault maps discovered:
D:1:      minmay_arrival_checkered_box, layout_basic, serial_shops, shop,
          shop_fountains, shop, shop, nicolae_diamond_shop,
          grunt_decor_arrowhead
D:2:      layout_basic, serial_shops, shop
D:3:      kennysheep_goblin_castle, layout_rooms, nicolae_tso_besieged_by_evil,
          shapermc_ecumenical_altar_starsandcircs, serial_aquarium,
          aquarium_bridge_straight [aquarium_subvault_bridge,
          aquarium_subvault_window, aquarium_subvault_bridge,
          aquarium_subvault_wall], aquarium_bridge_long_joined
          [aquarium_subvault_bridge, aquarium_subvault_wall,
          aquarium_subvault_balcony, aquarium_subvault_bridge,
          aquarium_subvault_bridge, aquarium_subvault_bridge],
          aquarium_window_corridor_3, aquarium_window_fake, aquarium_window_2,
          aquarium_window_1, aquarium_view_2c, aquarium_balcony_3b,
          aquarium_pool_five, grunt_ministairs_5, columned_hall_lemuel

Skill      XL: |  1  2  3 |
---------------+----------+-----
Short Blades   | 1 |  1.0
Long Blades    | 1 |  1.0
Maces & Flails | 1 |  1.0
Polearms       | 1 |  1.0
Staves         | 1 |  1.0
Slings         | 1 |  1.0
Bows           | 1 |  1.0
Crossbows      | 1 |  1.0
Throwing       | 1 |  1.0
Stealth        | 1 |  1.0
Shields        | 1 |  1.0
Unarmed Combat | 1 |  1.0
Spellcasting   | 1 |  1.0
Evocations     | 1 |  1.0
Fighting       | |  6.5
Axes           | |  4.6
Armour         | |  4.6
Dodging        | |  2.6
Conjurations   | |  0.7
Hexes          | |  0.7
Summonings     | |  0.7
Necromancy     | |  0.7
Translocations | |  0.7
Transmutations | |  0.7
Fire Magic     | |  0.7
Ice Magic      | |  0.7
Air Magic      | |  0.7
Earth Magic    | |  0.7
Poison Magic   | |  0.7
Invocations    | |  4.6

Action                   || total
-------------------------++-------
Melee: Hand axe          ||    79
       Bite              ||    10
       Short sword       ||    25
Invok: Depart the Abyss  ||     1
  Use: Potion            ||     4
       Scroll            ||     2
 Stab: Sleeping          ||     1
Armor: Leather armour    ||    56
Dodge: Dodged            ||    76
Block: Buckler           ||    11

Table legend: (Time is in decaauts)
 A = Elapsed time spent in this place.
 B = Non-inter-level travel time spent in this place.
 C = Inter-level travel time spent in this place.
 D = Time resting spent in this place.
 E = Time spent auto-exploring this place.
 F = Levels seen in this place.
 G = Mean time per level.
                   A        B        C        D        E       F      G
               +--------+--------+--------+--------+--------+-----+--------+
         Total |   2302 |   2282 |     20 |    149 |   1746 |   5 |  460.4 |
       Dungeon |   2202 |   2182 |     20 |    149 |   1680 |   3 |  734.0 |
         Abyss |     99 |     99 |      0 |      0 |     66 |   2 |   49.5 |
               +--------+--------+--------+--------+--------+-----+--------+

Top non-repeatable levels by time:
     D:2: 1170 daAuts
     D:1: 1001 daAuts
 Abyss:1: 69 daAuts
     D:3: 31 daAuts
 Abyss:2: 30 daAuts
